 Dungeon Crawl Stone Soup version 0.22.1-2-g9c5b331 (webtiles) character file.

78 HoaS the Skirmisher (level 4, 0/45 HPs)
             Began as a Gargoyle Berserker on Dec 24, 2018.
             Was a Believer of Trog.
             Killed by divine providence
             ... invoked by an orc priest
              (11 damage)
             ... on level 2 of the Dungeon.
             The game lasted 00:03:57 (1068 turns).

HoaS the Skirmisher (Gargoyle Berserker)            Turns: 1068, Time: 00:03:58

Health: 0/45       AC: 11    Str: 26    XL:     4   Next: 36%
Magic:  4/4        EV: 11    Int:  7    God:    Trog [**....]
Gold:   99         SH:  0    Dex: 10    Spells: 3/3 levels left

rFire    . . .     SeeInvis .     - Unarmed
rCold    . . .     Gourm    .   (no shield)
rNeg     + . .     Faith    .   g - +0 leather armour
rPois    ∞         Spirit   .   c - +0 helmet
rElec    +         Reflect  .   (no cloak)
rCorr    .         Harm     .   (no gloves)
MR       ++...                  h - +2 pair of boots
Stlth    ..........             (no amulet)
HPRegen  1.15/turn              (no ring)
MPRegen  0.09/turn              (no ring)

@: berserking, regenerating, very quick
A: negative energy resistance 1, electricity resistance, unbreathing,
petrification resistance, rot immunity, AC +3
a: Berserk, Trog's Hand, Renounce Religion


You were on level 2 of the Dungeon.
You worshipped Trog.
Trog was pleased with you.
You were hungry.

You visited 1 branch of the dungeon, and saw 2 of its levels.

You collected 99 gold pieces.

Inventory:

Armour
 c - a +0 helmet (worn)
 g - a +0 leather armour (worn)
 h - a +2 pair of boots (worn)
Jewellery
 i - a cursed ring of attention {unknown}
Potions
 d - a potion of curing {unknown}
 e - 2 potions of might {unknown}
 f - a potion of berserk rage {unknown}
Comestibles
 a - 4 chunks of flesh
 b - 8 rations


   Skills:
 + Level 4.5 Fighting
 - Level 2.1 Armour
 - Level 1.5 Dodging
 + Level 4.1 Unarmed Combat


You had 3 spell levels left.
You didn't know any spells.
Your spell library was empty.

Dungeon Overview and Level Annotations

Branches:
Dungeon (2/15)

Altars:


Innate Abilities, Weirdness & Mutations

You are resistant to torment.
Your stone body is resilient. (AC +3)
You are immune to poison.
You resist negative energy. (rN+)
You are resistant to electric shocks. (rElec)
You can survive without breathing.
You are immune to petrification.
You are immune to rotting.


Message History

The orc priest invokes the aid of Beogh against you.
Beogh smites you!
Ouch! That really hurt!
* * * LOW HITPOINT WARNING * * *
The jackal closely misses you.
You hit the jackal but do no damage. The jackal bites you.
* * * LOW HITPOINT WARNING * * *
You hit the jackal.
The jackal is heavily wounded.
The jackal barely misses you.
You barely miss the jackal.
The jackal is heavily wounded.
The jackal barely misses you. The jackal closely misses you.
A red film seems to cover your vision as you go berserk!
You feel yourself moving faster!
You feel mighty!
You are feeling hungry.
The jackal bites you but does no damage.
The orc priest mumbles some strange prayers to Beogh against you.
Beogh smites you!
You die...

### ... ## #.. #.. ..## #.. #.#
#..# #.. #.# #..# .### ##.. #.#
#..# ..# ##...## #.# #..# #.#
##.....######.#####o.# #.##
#.......#.......@hoo?# #..##
..........#########o.######...###
.........## ....oo..)......#.....
.........# ....oo...####.###.###
#.>......# .........# #.## ##.#
##.......#⌠..........# ##.###..#
##......#h..........# ##.#<#.#
##.###.##.........## ##.##.## #.
#.# #........# ####...


You could see an orc priest, an orc wizard, 2 orcs and a jackal.

Vanquished Creatures
  3 adders (D:2)
  A dart slug (D:1)
  2 leopard geckos (D:1)
  An orc (D:2)
  10 goblins
  2 hobgoblins (D:1)
  2 jackals (D:2)
  6 kobolds
  A quokka (D:2)
  A ball python (D:2)
  8 bats
  2 frilled lizards
  2 rats (D:1)
41 creatures vanquished.

Notes
Turn   | Place    | Note
-------+----------+-------------------------------------------
     0 | D:1      | HoaS the Gargoyle Berserker began the quest for the Orb.
     0 | D:1      | Reached XP level 1. HP: 14/14 MP: 1/1
    98 | D:1      | Reached XP level 2. HP: 19/19 MP: 2/2
   313 | D:1      | Reached XP level 3. HP: 22/24 MP: 3/3
   664 | D:1      | Reached ** piety under Trog
   857 | D:2      | Reached XP level 4. HP: 23/30 MP: 4/4
  1068 | D:2      | Killed from afar by an orc priest

Skill      XL: |  1  2  3 |
---------------+----------+-----
Fighting       | 4 |  4.5
Unarmed Combat | 4 |  4.1
Armour         | |  2.1
Dodging        | |  1.5

Action                   |  1- 3 |  4- 6 || total
-------------------------+-------+-------++-------
Melee: Unarmed           |   107 |    35 ||   142
       Punch             |     2 |       ||     2
Invok: Berserk           |     1 |     1 ||     2
       Trog's Hand       |       |     1 ||     1
  Use: Scroll            |     2 |     2 ||     4
  Eat: Chunk             |       |     2 ||     2
Armor: Animal skin       |     4 |       ||     4
       Robe              |    20 |       ||    20
       Leather armour    |    17 |    12 ||    29
Dodge: Dodged            |    75 |    32 ||   107
